[Event "XVII Orsha-2019 Open"]
[Site "Orsha"]
[Date "2019.01.24"]
[Round "9.9"]
[White "Strybuk, Artsiom I"]
[Black "Mihajlovskij, Sergei"]
[Result "1-0"]
[ECO "E46"]
[WhiteElo "2110"]
[BlackElo "2406"]
[Annotator "NA"]
[PlyCount "51"]
[EventDate "2019.01.18"]
[EventType "swiss"]
[EventCountry "BLR"]
[SourceTitle "playchess.com"]
[Source "ChessBase"]
[SourceQuality "1"]
[TimeControl "5400+30"]

1. d4 Nf6 2. c4 e6 3. Nc3 Bb4 4. e3 O-O 5. Nge2 Re8 6. a3 Bf8 7. g3 d6 {[%emt 0:10:14] E46: Nimzo-Indian: Rubinstein: 4 e3 0-0 5 Ne2 without early Bd3} (7... d5 8. cxd5 exd5 9. Bg2 a5 10. O-O Na6 11. Nf4 c6 12. f3 c5 13. Kh1 Nc7 14. g4 h6 15. Nce2 {0-1 (54) Nakamura,H (2787)-Carlsen,M (2853) chess.com INT 2016}) 8. e4 c5 9. Bg2 Nc6 10. O-O a6 {[%emt 0:00:17] LiveBook: 3 Games} 11. h3 Rb8 $146 ({Predecessor:} 11... cxd4 12. Nxd4 Bd7 13. Be3 Rc8 14. Rc1 Na5 15. b3 {0-1 (43) Balla,T (2318)-Jianu,V (2546) Sovata 2018}) 12. Be3 e5 13. dxc5 dxc5 14. Nd5 h6 15. Kh2 b5 16. cxb5 axb5 17. Rc1 Nd4 18. b4 Nxd5 19. exd5 {[%emt 0:00:33] [#]} cxb4 (19... Nxe2 $1 $17 20. Qxe2 cxb4 21. axb4 Bxb4) 20. Bxd4 exd4 21. axb4 Bxb4 22. Nxd4 Rb6 $18 (22... Qd6 $11) 23. Nc6 Qd6 24. Qd4 Rxc6 25. Rxc6 Qf8 26. d6 1-0

[Event "XVII Orsha-2019 Open"]
[Site "Orsha"]
[Date "2019.01.24"]
[Round "9.10"]
[White "Navumenka, Mikhei"]
[Black "Aliakbarov, Anar"]
[Result "1/2-1/2"]
[ECO "E62"]
[WhiteElo "2104"]
[BlackElo "2282"]
[Annotator "NA"]
[PlyCount "91"]
[EventDate "2019.01.18"]
[EventType "swiss"]
[EventCountry "BLR"]
[SourceTitle "playchess.com"]
[Source "ChessBase"]
[SourceQuality "1"]
[TimeControl "5400+30"]

1. d4 Nf6 2. c4 g6 3. Nc3 Bg7 4. Nf3 O-O 5. g3 d6 6. Bg2 Nc6 7. O-O Bf5 8. Nh4 Bd7 9. e4 {[%emt 0:02:04] E62: King's Indian: Fianchetto: 6...c6 and Panno Variation (6...Nc6) without ...a6} (9. f4 Na5 10. b3 c5 11. dxc5 dxc5 12. Bd2 Bc6 13. Nd5 Nxd5 14. cxd5 Bb5 15. Rc1 Rc8 16. Bc3 Qb6 17. Bxg7 Kxg7 {1-0 (52) Gajewski,G (2628)-Fedorov,A (2598) Khanty-Mansiysk 2017 CBM 179 [Krasenkow,M]}) 9... e5 10. dxe5 dxe5 11. Nd5 $146 ({Predecessor:} 11. f4 Qe7 12. Nd5 Nxd5 13. cxd5 Nd4 14. Be3 c6 15. fxe5 Qxe5 16. Bf4 Qe8 {1-0 (58) Buhin,D (1978)-Dzaja,M (1953) Osijek 2015}) 11... Nd4 12. Be3 c6 13. Nxf6+ Bxf6 14. Bxd4 exd4 15. Nf3 c5 16. Ne1 b5 17. b3 bxc4 18. bxc4 Rb8 19. Nd3 Qa5 20. f4 Be6 21. Rc1 Qxa2 22. Rf2 Qb3 23. Qxb3 Rxb3 24. Nxc5 Rc3 25. Ra1 d3 26. e5 Be7 27. Ne4 Rxc4 $19 28. Rxa7 Bd8 29. Ra6 Rb4 30. Rd2 Rb1+ 31. Kf2 Bc4 32. Ra3 Bb6+ 33. Kf3 Re1 34. Raxd3 Bxd3 35. Nf6+ Kg7 36. Rxd3 Rd8 37. Rb3 Bg1 38. h4 h5 39. g4 hxg4+ 40. Kxg4 Re3 41. Rxe3 Bxe3 42. h5 Rd4 43. Be4 gxh5+ 44. Nxh5+ Kf8 45. Nf6 Rd2 46. Bf3 1/2-1/2

[Event "XVII Orsha-2019 Open"]
[Site "Orsha"]
[Date "2019.01.24"]
[Round "9.11"]
[White "Siniauski, Artsiom"]
[Black "Prutskov, Aleksei"]
[Result "1-0"]
[ECO "B50"]
[WhiteElo "2182"]
[BlackElo "1824"]
[PlyCount "83"]
[EventDate "2019.01.18"]
[EventType "swiss"]
[EventCountry "BLR"]
[TimeControl "5400+30"]

1. e4 c5 2. Nf3 d6 3. c3 Nf6 4. Be2 g6 5. O-O Bg7 6. Re1 O-O 7. Bf1 Nc6 8. d3 e5 9. Nbd2 h6 10. a4 d5 11. exd5 Nxd5 12. Nc4 Re8 13. a5 Qc7 14. Qa4 Bg4 15. Nfd2 Bd7 16. Qa3 Bf8 17. Ne3 Nf4 18. Ne4 Kg7 19. Nc4 b5 20. axb6 axb6 21. Qxa8 Rxa8 22. Rxa8 b5 23. Bxf4 exf4 24. Ncd2 Qb7 25. Rea1 f5 26. Nf6 Be6 27. c4 bxc4 28. Nxc4 Bxc4 29. dxc4 Qxb2 30. Nd5 g5 31. Bd3 Nd4 32. R8a2 Qb3 33. Ra7+ Kh8 34. Nf6 Bg7 35. Ra8+ Bf8 36. Bf1 Kg7 37. Nd5 Nc6 38. Rc8 Ne5 39. Ra7+ Kg6 40. Rxf8 Nd3 41. Rg8+ Kh5 42. Nf6+ 1-0

[Event "XVII Orsha-2019 Open"]
[Site "Orsha"]
[Date "2019.01.24"]
[Round "9.12"]
[White "Kirilin, Dmitrij"]
[Black "Papunidi, Matvey"]
[Result "1-0"]
[ECO "D63"]
[WhiteElo "2074"]
[BlackElo "2113"]
[PlyCount "81"]
[EventDate "2019.01.18"]
[EventType "swiss"]
[EventCountry "BLR"]
[TimeControl "5400+30"]

1. d4 d5 2. Nf3 Nf6 3. c4 e6 4. Nc3 Be7 5. Bg5 O-O 6. e3 Nbd7 7. Rc1 h6 8. Bh4 a6 9. cxd5 exd5 10. Bd3 c6 11. O-O Ne4 12. Bxe7 Qxe7 13. Na4 Re8 14. Nd2 Qb4 15. Bxe4 dxe4 16. a3 Qe7 17. Qh5 Nf6 18. Qc5 Qd8 19. Nb6 Rb8 20. Ndc4 Be6 21. Rfd1 Nd5 22. Nxd5 Bxd5 23. Nb6 Bb3 24. Rd2 Qe7 25. Qxe7 Rxe7 26. Rc3 Bd5 27. Nxd5 cxd5 28. Rc5 Rd8 29. Rdc2 f6 30. R2c3 Kf7 31. a4 Ke6 32. h4 Red7 33. Rb3 Re7 34. Kh2 Red7 35. Kg3 Kf7 36. Kf4 Rd6 37. a5 R8d7 38. g4 f5 39. gxf5 Kf6 40. Rc8 Rf7 41. Rb8 1-0

[Event "XVII Orsha-2019 Open"]
[Site "Orsha"]
[Date "2019.01.24"]
[Round "9.13"]
[White "Spizharny, Mikhail"]
[Black "Budnikov, Sergei"]
[Result "0-1"]
[ECO "B12"]
[WhiteElo "1923"]
[BlackElo "2152"]
[PlyCount "134"]
[EventDate "2019.01.18"]
[EventType "swiss"]
[EventCountry "BLR"]
[TimeControl "5400+30"]

1. e4 c6 2. d4 d5 3. e5 Bf5 4. h4 h6 5. g4 Bd7 6. h5 e6 7. f4 c5 8. c3 Nc6 9. Nf3 cxd4 10. cxd4 Bb4+ 11. Kf2 Nge7 12. Kg3 O-O 13. Be3 f6 14. Bd3 Qc7 15. Rh2 Ba5 16. Na3 Rac8 17. Rc1 Qb8 18. Nc2 Bc7 19. Rf2 b5 20. Na1 Na5 21. Bb1 Nc4 22. Qd3 f5 23. g5 Bb6 24. Nb3 a5 25. Nc5 Bxc5 26. dxc5 Nxe3 27. Qxe3 Nc6 28. Nd4 Nxd4 29. Qxd4 Bc6 30. Bd3 Qb7 31. g6 b4 32. Rfc2 b3 33. Rc3 bxa2 34. Ra3 Rb8 35. Rxa2 a4 36. Bc2 Qb4 37. Qxb4 Rxb4 38. Rca1 Ra8 39. b3 Ra5 40. bxa4 Rxc5 41. Bd3 Rc3 42. Ra3 Rbb3 43. Rxb3 Rxb3 44. Rd1 Bxa4 45. Kh4 Kf8 46. Ra1 Rb4 47. Kg3 Ke7 48. Kf3 d4 49. Rc1 Kd7 50. Ke2 Rb2+ 51. Kf3 Bc6+ 52. Kg3 Rb3 53. Ra1 Rxd3+ 54. Kh2 Kc7 55. Ra7+ Bb7 56. Ra4 Rd2+ 57. Kg3 d3 58. Rc4+ Bc6 59. Rd4 Rg2+ 60. Kh3 d2 61. Rd3 Rf2 62. Kh4 Bf3 63. Rxf3 d1=Q 64. Rc3+ Kb6 65. Rb3+ Ka5 66. Ra3+ Kb4 67. Rd3 Qg4# 0-1

[Event "XVII Orsha-2019 Open"]
[Site "Orsha"]
[Date "2019.01.24"]
[Round "9.14"]
[White "Kuleshov, Konstantin"]
[Black "Runets, Ivan"]
[Result "0-1"]
[ECO "E17"]
[WhiteElo "2098"]
[BlackElo "2118"]
[PlyCount "80"]
[EventDate "2019.01.18"]
[EventType "swiss"]
[EventCountry "BLR"]
[TimeControl "5400+30"]

1. d4 Nf6 2. c4 e6 3. g3 d5 4. Nf3 Be7 5. Bg2 O-O 6. Nbd2 b6 7. O-O Bb7 8. b3 dxc4 9. Nxc4 Nbd7 10. Bb2 c5 11. Rc1 Bd5 12. Re1 Rc8 13. Qd3 cxd4 14. Qxd4 Bc5 15. Qf4 Ne4 16. e3 f5 17. h4 h6 18. Nfe5 Ndf6 19. Ng6 Rf7 20. Nce5 Rfc7 21. g4 fxg4 22. Nxg4 Bd6 23. Nxf6+ Nxf6 24. Rxc7 Qxc7 25. Qd4 Qf7 26. Nf4 Bxf4 27. Qxf4 Bxg2 28. Kxg2 Qg6+ 29. Qg3 Qe4+ 30. Kg1 Nh5 31. Qg2 Qxh4 32. Qg6 Rc5 33. Qxe6+ Kh7 34. Kf1 Ng3+ 35. fxg3 Qh1+ 36. Ke2 Qg2+ 37. Kd3 Qc2+ 38. Kd4 Qxb2+ 39. Ke4 Qg2+ 40. Kd4 Qd2+ 0-1

[Event "XVII Orsha-2019 Open"]
[Site "Orsha"]
[Date "2019.01.24"]
[Round "9.15"]
[White "Silich, Yahor"]
[Black "Parshin, Maxim"]
[Result "1-0"]
[ECO "B30"]
[WhiteElo "2116"]
[BlackElo "1956"]
[PlyCount "61"]
[EventDate "2019.01.18"]
[EventType "swiss"]
[EventCountry "BLR"]
[TimeControl "5400+30"]

1. e4 c5 2. Nf3 e6 3. Nc3 Nc6 4. Bb5 g6 5. Bxc6 dxc6 6. O-O Bg7 7. e5 f5 8. exf6 Nxf6 9. d3 O-O 10. Bg5 b6 11. Qd2 Qc7 12. Bf4 Qe7 13. Rfe1 Nd5 14. Bg3 Nxc3 15. bxc3 Rf5 16. Re4 Bb7 17. Rae1 Re8 18. Be5 Bxe5 19. Nxe5 c4 20. Nxc4 c5 21. Re5 Rxe5 22. Nxe5 Qf6 23. Qe3 Re7 24. f3 Bd5 25. c4 Bb7 26. Qh6 Qf8 27. Qg5 Kg7 28. Ng4 Qf7 29. Qe5+ Kf8 30. Nh6 Qg7 31. Qf4+ 1-0

[Event "XVII Orsha-2019 Open"]
[Site "Orsha"]
[Date "2019.01.24"]
[Round "9.17"]
[White "Vainerchuk, Barys"]
[Black "Khobotova, Olesia"]
[Result "1-0"]
[ECO "B15"]
[WhiteElo "1907"]
[BlackElo "1978"]
[PlyCount "71"]
[EventDate "2019.01.18"]
[EventType "swiss"]
[EventCountry "BLR"]
[TimeControl "5400+30"]

1. e4 c6 2. d4 g6 3. Nc3 d5 4. e5 Bg7 5. Bf4 Bf5 6. Qd2 Nd7 7. Be2 h5 8. Nf3 Bg4 9. O-O-O e6 10. h3 Bxf3 11. Bxf3 Ne7 12. g4 h4 13. Kb1 b5 14. Bg5 a5 15. Be2 a4 16. a3 Nb6 17. f4 Qd7 18. Na2 Nec8 19. Rhf1 Nc4 20. Qc1 N8b6 21. f5 gxf5 22. gxf5 Bf8 23. Bd3 c5 24. fxe6 Qxe6 25. Bf5 Qc6 26. Rde1 Be7 27. Bxe7 Kxe7 28. Qg5+ Kf8 29. e6 Nd6 30. e7+ Ke8 31. Qg7 Nxf5 32. Qxh8+ Kd7 33. e8=Q+ Rxe8 34. Qxe8+ Kc7 35. Rxf5 cxd4 36. Rxf7+ 1-0

[Event "XVII Orsha-2019 Open"]
[Site "Orsha"]
[Date "2019.01.24"]
[Round "9.18"]
[White "Dmitriev, Nikolay"]
[Black "Gabdrakipov, Ilshat"]
[Result "0-1"]
[ECO "D02"]
[WhiteElo "1923"]
[BlackElo "2098"]
[PlyCount "118"]
[EventDate "2019.01.18"]
[EventType "swiss"]
[EventCountry "BLR"]
[TimeControl "5400+30"]

1. Nf3 d5 2. g3 Nf6 3. Bg2 e6 4. O-O Bd6 5. d4 O-O 6. c4 b6 7. Ne5 Bb7 8. Nc3 Nbd7 9. Bf4 Qe7 10. Nb5 Rfc8 11. Qa4 Nf8 12. Bg5 Qe8 13. Qd1 Ne4 14. Bf4 dxc4 15. a4 a6 16. Na3 b5 17. Qc2 f5 18. f3 Nf6 19. e4 c5 20. Be3 Rd8 21. Rfd1 Bc7 22. Rd2 cxd4 23. Bxd4 Rxd4 24. Rxd4 Bb6 25. Rad1 Rd8 26. Qf2 Rxd4 27. Rxd4 Qb8 28. f4 Qa7 29. Nc2 Bxe4 30. Bxe4 Nxe4 31. Qe3 Bxd4 32. Qxd4 Qxd4+ 33. Nxd4 Nd6 34. axb5 axb5 35. Kf1 h6 36. Ke1 g5 37. Kd2 gxf4 38. gxf4 b4 39. Nec6 c3+ 40. Kc2 cxb2 41. Kxb2 Kf7 42. Nxb4 Kg6 43. Nd3 Kh5 44. Nf2 Ne4 45. Nxe4 fxe4 46. Kc3 Kg4 47. Ne2 Kf3 48. Ng3 Kxf4 49. Kd2 Kf3 50. Ke1 Ng6 51. Nf1 e3 52. h3 Nf4 53. Nh2+ Ke4 54. Ng4 h5 55. Nf6+ Kf3 56. Nxh5 Nxh5 57. h4 Nf4 58. h5 e2 59. h6 Ke3 0-1

[Event "XVII Orsha-2019 Open"]
[Site "Orsha"]
[Date "2019.01.24"]
[Round "9.19"]
[White "Petrosyan, Sahak"]
[Black "Paniagua Chnelik, Sebastian"]
[Result "0-1"]
[ECO "B50"]
[WhiteElo "1835"]
[BlackElo "2188"]
[PlyCount "98"]
[EventDate "2019.01.18"]
[EventType "swiss"]
[EventCountry "BLR"]
[TimeControl "5400+30"]

1. e4 c5 2. Nf3 d6 3. c3 Nf6 4. Bd3 Nc6 5. Bc2 g6 6. O-O Bg7 7. Re1 O-O 8. h3 b6 9. d4 cxd4 10. cxd4 Nb4 11. Bb3 Ba6 12. e5 dxe5 13. Nxe5 Bb7 14. Nc3 Nfd5 15. a3 Nxc3 16. bxc3 Nd5 17. Qf3 Rb8 18. Qg3 Rc8 19. Bb2 Nf6 20. Qd3 Nd7 21. Nxd7 Qxd7 22. Qe3 e6 23. Rec1 Rfd8 24. a4 Bc6 25. Qe2 Qb7 26. f4 Qc7 27. Qe3 Bh6 28. g3 Bb7 29. c4 Bg7 30. Rc2 Re8 31. Kh2 h5 32. Rg1 Rcd8 33. Qf2 Qd6 34. Rd2 Qb4 35. Qe3 Ba6 36. Qd3 Rc8 37. Rc1 Red8 38. Rdc2 Qd6 39. Rd1 h4 40. Qe3 hxg3+ 41. Kxg3 Bf6 42. d5 Bxb2 43. Rxb2 Bxc4 44. Bxc4 Rxc4 45. Rbd2 exd5 46. Rxd5 Qxd5 47. Rxd5 Rxd5 48. Qf3 Rcd4 49. h4 Rd3 0-1

[Event "XVII Orsha-2019 Open"]
[Site "Orsha"]
[Date "2019.01.24"]
[Round "9.20"]
[White "Viikmaa, Karmen"]
[Black "Elkin, Leonid"]
[Result "0-1"]
[ECO "A09"]
[WhiteElo "1706"]
[BlackElo "2085"]
[PlyCount "64"]
[EventDate "2019.01.18"]
[EventType "swiss"]
[EventCountry "BLR"]
[TimeControl "5400+30"]

1. Nf3 Nf6 2. g3 c5 3. Bg2 Nc6 4. d3 d5 5. O-O e5 6. c4 d4 7. Nbd2 Be7 8. a3 a5 9. Re1 O-O 10. Ng5 Nd7 11. h4 Bxg5 12. hxg5 Qxg5 13. Bf3 Qe7 14. Kg2 f5 15. Bd5+ Kh8 16. Nf3 e4 17. Ng5 e3 18. Ne6 Rf6 19. Nc7 Rb8 20. Rh1 Nde5 21. Nb5 Ng4 22. fxe3 dxe3 23. Rh4 Nf2 24. Qe1 f4 25. Rxf4 Rxf4 26. gxf4 Bh3+ 27. Kg3 Rf8 28. Bf3 Rf6 29. Kh2 Rg6 30. Bxe3 Qxe3 31. Qc1 Qe7 32. Qe1 Qh4 0-1

[Event "XVII Orsha-2019 Open"]
[Site "Orsha"]
[Date "2019.01.24"]
[Round "9.21"]
[White "Bury, Gleb M"]
[Black "Abrazevich, Yauheni"]
[Result "1-0"]
[ECO "E01"]
[WhiteElo "1961"]
[BlackElo "1914"]
[PlyCount "81"]
[EventDate "2019.01.18"]
[EventType "swiss"]
[EventCountry "BLR"]
[TimeControl "5400+30"]

1. Nf3 d5 2. g3 c5 3. Bg2 Nc6 4. d4 e6 5. O-O Nf6 6. c4 cxd4 7. Nxd4 Bc5 8. Nxc6 bxc6 9. Nc3 Bb7 10. e4 d4 11. Na4 Qe7 12. e5 Nd7 13. Qg4 Nxe5 14. Qxg7 Ng6 15. b4 Bd6 16. f4 O-O-O 17. c5 Qf8 18. Qxf8 Bxf8 19. f5 exf5 20. Rxf5 Rd7 21. Bd2 Kc7 22. h4 h5 23. b5 Ne7 24. b6+ axb6 25. cxb6+ Kd8 26. Bg5 Bh6 27. Rxf7 Bxg5 28. hxg5 Nd5 29. Rxd7+ Kxd7 30. Nc5+ Kc8 31. Bxd5 cxd5 32. a4 Bc6 33. a5 Kb8 34. a6 h4 35. a7+ Ka8 36. gxh4 Rxh4 37. Rf1 Rh8 38. g6 Rg8 39. Kh2 Bb5 40. Rf2 d3 41. g7 1-0

[Event "XVII Orsha-2019 Open"]
[Site "Orsha"]
[Date "2019.01.24"]
[Round "9.22"]
[White "Grigoryan, Aram"]
[Black "Stashis, Anna"]
[Result "1-0"]
[ECO "D31"]
[WhiteElo "1786"]
[BlackElo "1931"]
[PlyCount "77"]
[EventDate "2019.01.18"]
[EventType "swiss"]
[EventCountry "BLR"]
[TimeControl "5400+30"]

1. d4 d5 2. c4 e6 3. Nc3 c6 4. Nf3 dxc4 5. a4 Bb4 6. e3 b5 7. Bd2 a5 8. axb5 Bxc3 9. Bxc3 cxb5 10. b3 Bb7 11. bxc4 b4 12. Bb2 Nf6 13. Be2 O-O 14. O-O Nbd7 15. Nd2 Qc7 16. Qc2 a4 17. e4 a3 18. e5 Nd5 19. Bc1 Ne7 20. Bd3 h6 21. Nb3 Rad8 22. Qe2 Qc6 23. Qg4 f5 24. exf6 Nxf6 25. Qh3 Nf5 26. Bd2 Qd6 27. Nc5 Ba8 28. Bxf5 exf5 29. Bxb4 Rc8 30. Rfd1 f4 31. Rxa3 Qb6 32. Bc3 Qd6 33. Ra6 Qe7 34. Qf5 Qf7 35. Ra4 Rxc5 36. dxc5 Qb7 37. Rxa8 Qxa8 38. Bxf6 gxf6 39. Qg6+ 1-0

[Event "XVII Orsha-2019 Open"]
[Site "Orsha"]
[Date "2019.01.24"]
[Round "9.23"]
[White "Karas, Andrei"]
[Black "Naumovich, Yaroslav"]
[Result "0-1"]
[ECO "A11"]
[WhiteElo "1422"]
[BlackElo "1915"]
[PlyCount "120"]
[EventDate "2019.01.18"]
[EventType "swiss"]
[EventCountry "BLR"]
[TimeControl "5400+30"]

1. c4 c6 2. g3 d5 3. Bg2 Nf6 4. Qc2 e5 5. d3 Bb4+ 6. Bd2 Bxd2+ 7. Nxd2 O-O 8. Ngf3 Qe7 9. e4 dxe4 10. dxe4 Bg4 11. O-O Bxf3 12. Nxf3 Nbd7 13. Rfe1 Rfe8 14. Rac1 Rad8 15. c5 Nf8 16. Bh3 Ne6 17. Bxe6 Qxe6 18. Qc4 Qxc4 19. Rxc4 Rd3 20. Kg2 Nd7 21. Rec1 Nf8 22. R4c3 Rd7 23. Rb3 f6 24. Rc4 Ne6 25. Kf1 Red8 26. Ke2 g5 27. h3 h5 28. Rbc3 g4 29. hxg4 hxg4 30. Nh2 Rd2+ 31. Ke3 Rxb2 32. Rc2 Rxc2 33. Rxc2 Rd1 34. Nxg4 Kg7 35. f3 Rb1 36. Kf2 Nd4 37. Rd2 Rb5 38. f4 Rxc5 39. fxe5 fxe5 40. Nxe5 Rxe5 41. Rxd4 Re7 42. Kf3 c5 43. Rc4 b6 44. Rc2 Kf6 45. Rb2 Rc7 46. Kf4 c4 47. g4 c3 48. Rc2 b5 49. g5+ Kg6 50. Ke5 b4 51. Kd6 Rc4 52. Kd5 Rc8 53. e5 Kxg5 54. Kd6 Kf4 55. e6 Ke3 56. Kd7 Rh8 57. e7 Kd3 58. Rf2 c2 59. Rf8 Rh7 60. Rc8 Kd2 0-1

[Event "XVII Orsha-2019 Open"]
[Site "Orsha"]
[Date "2019.01.24"]
[Round "9.24"]
[White "Sychou, Dzmitry"]
[Black "Vifleemskaia, Svetlana"]
[Result "0-1"]
[ECO "A25"]
[WhiteElo "1847"]
[BlackElo "2030"]
[PlyCount "80"]
[EventDate "2019.01.18"]
[EventType "swiss"]
[EventCountry "BLR"]
[TimeControl "5400+30"]

1. c4 Nc6 2. g3 e5 3. Bg2 Nf6 4. a3 a5 5. Nc3 Bc5 6. e3 d6 7. Nge2 O-O 8. O-O Re8 9. d4 exd4 10. exd4 Ba7 11. Bg5 h6 12. Bxf6 Qxf6 13. Nd5 Qd8 14. b4 Bg4 15. f3 Rxe2 16. fxg4 Bxd4+ 17. Kh1 Rxg2 18. Kxg2 Bxa1 19. b5 Be5 20. bxc6 bxc6 21. Ne3 Qe8 22. Qf3 Rb8 23. Nf5 a4 24. Re1 Rb3 25. Qe4 Rxa3 26. c5 Ra2+ 27. Kh3 Qd7 28. Rb1 Rb2 29. Rxb2 Bxb2 30. Qxa4 g6 31. Ne3 d5 32. Qa8+ Kg7 33. Nd1 Bd4 34. Qa3 h5 35. Qd3 Qxg4+ 36. Kg2 Qe4+ 37. Qf3 f5 38. h4 Kf6 39. Nf2 Qxf3+ 40. Kxf3 Bxf2 0-1

[Event "XVII Orsha-2019 Open"]
[Site "Orsha"]
[Date "2019.01.24"]
[Round "9.25"]
[White "Bogacheva, Anna"]
[Black "Poliakova, Varvara"]
[Result "0-1"]
[ECO "C47"]
[WhiteElo "1955"]
[BlackElo "1835"]
[PlyCount "94"]
[EventDate "2019.01.18"]
[EventType "swiss"]
[EventCountry "BLR"]
[TimeControl "5400+30"]

1. e4 e5 2. Nc3 Nf6 3. g3 d5 4. exd5 Nxd5 5. Bg2 Be6 6. Nf3 Nc6 7. O-O Bc5 8. Re1 O-O 9. d3 f6 10. Ne4 Be7 11. d4 Bg4 12. dxe5 Nxe5 13. Qe2 Qe8 14. h3 Bxf3 15. Bxf3 Nxf3+ 16. Qxf3 Qf7 17. a3 Rad8 18. c4 Nb6 19. b3 Rd7 20. Bf4 Rfd8 21. a4 h6 22. g4 Bb4 23. Red1 f5 24. Rxd7 Rxd7 25. Ng3 fxg4 26. Qxg4 Qf6 27. Rf1 Rf7 28. Be3 Nd7 29. Ne4 Qc6 30. Bd4 Bd6 31. Nc3 Bc5 32. Nd5 h5 33. Qe4 Bxd4 34. Qxd4 Qg6+ 35. Kh2 Qd6+ 36. f4 c6 37. Qxa7 cxd5 38. Qxb7 Rxf4 39. Rxf4 Qxf4+ 40. Kg2 Qd2+ 41. Kg1 dxc4 42. Qc8+ Kh7 43. Qxc4 Qe3+ 44. Kg2 Ne5 45. Qd5 Qe2+ 46. Kg3 Ng6 47. a5 h4# 0-1

[Event "XVII Orsha-2019 Open"]
[Site "Orsha"]
[Date "2019.01.24"]
[Round "9.26"]
[White "Klachkou, Platon"]
[Black "Gabdrakipov, Kirill"]
[Result "0-1"]
[ECO "D08"]
[WhiteElo "1771"]
[BlackElo "1901"]
[PlyCount "114"]
[EventDate "2019.01.18"]
[EventType "swiss"]
[EventCountry "BLR"]
[TimeControl "5400+30"]

1. d4 d5 2. c4 e5 3. cxd5 Qxd5 4. Nf3 e4 5. Nc3 Bb4 6. Ng1 Nc6 7. e3 f5 8. Bd2 Qf7 9. Bb5 Bd7 10. Nh3 Nge7 11. Qa4 Bxc3 12. bxc3 h6 13. O-O g5 14. f4 exf3 15. gxf3 f4 16. Nf2 fxe3 17. Bxe3 Qxf3 18. Rae1 O-O-O 19. Nd3 Qg4+ 20. Kh1 Qe4+ 21. Kg1 Bh3 22. Rf2 Rhf8 23. Bf4 Qd5 24. Bc4 Qa5 25. Qxa5 Nxa5 26. Bxc7 Kxc7 27. Rxe7+ Kd6 28. Ref7 Rxf7 29. Bxf7 Rc8 30. Nc5 b6 31. Ne4+ Ke7 32. d5 Nc4 33. Bh5 Nd6 34. Nxd6 Kxd6 35. Rf6+ Kxd5 36. Rxh6 Rxc3 37. Bf7+ Ke5 38. Kf2 Bf5 39. Rh8 Kf4 40. Bb3 Bc2 41. Rf8+ Ke5 42. Bg8 Bb1 43. Re8+ Kd4 44. Rd8+ Kc5 45. Rd5+ Kb4 46. Rxg5 Rc2+ 47. Kg3 Bxa2 48. Rg4+ Ka5 49. Bh7 Rc3+ 50. Kf4 Rh3 51. Rg7 a6 52. Rg5+ b5 53. Bf5 Rxh2 54. Bc8 Rc2 55. Bd7 Rc7 56. Be8 Bf7 57. Rg7 Rc4+ 0-1

[Event "XVII Orsha-2019 Open"]
[Site "Orsha"]
[Date "2019.01.24"]
[Round "9.27"]
[White "Tsesler, Yakau"]
[Black "Sokolov, Sergey"]
[Result "1-0"]
[ECO "D02"]
[WhiteElo "1895"]
[BlackElo "1756"]
[PlyCount "85"]
[EventDate "2019.01.18"]
[EventType "swiss"]
[EventCountry "BLR"]
[TimeControl "5400+30"]

1. d4 Nf6 2. Nf3 d5 3. Bf4 g6 4. e3 Bg7 5. Be2 O-O 6. O-O b6 7. Nbd2 Nbd7 8. h3 Re8 9. c4 Ba6 10. Qa4 Bxc4 11. Nxc4 dxc4 12. Bxc4 c5 13. Qb3 e6 14. Rad1 Qc8 15. Ne5 Nxe5 16. dxe5 Nd7 17. Bb5 Re7 18. Bg5 f6 19. Bxd7 Rxd7 20. Qxe6+ Rf7 21. Qxc8+ Rxc8 22. exf6 Bxf6 23. Bxf6 Rxf6 24. Rd7 Rf7 25. Rfd1 Rcf8 26. f3 Kg7 27. e4 Kf6 28. Kf2 Kg5 29. R1d5+ Kf6 30. Ke3 h6 31. f4 Kg7 32. g3 Kh8 33. R5d6 Kh7 34. e5 h5 35. Rxf7+ Rxf7 36. e6 Rf8 37. Rd7+ Kh6 38. Ke4 Re8 39. Ke5 a5 40. Kf6 h4 41. g4 Rf8+ 42. Rf7 Rd8 43. g5+ 1-0

[Event "XVII Orsha-2019 Open"]
[Site "Orsha"]
[Date "2019.01.24"]
[Round "9.28"]
[White "Gusenkova, Karina"]
[Black "Staravoitava, Hanna"]
[Result "1/2-1/2"]
[ECO "A22"]
[WhiteElo "1642"]
[BlackElo "1864"]
[PlyCount "100"]
[EventDate "2019.01.18"]
[EventType "swiss"]
[EventCountry "BLR"]
[TimeControl "5400+30"]

1. c4 e5 2. Nc3 Nf6 3. e4 Bc5 4. g3 d6 5. h3 Nc6 6. Bg2 Be6 7. d3 h6 8. Nge2 O-O 9. O-O Nh7 10. Kh2 f5 11. f4 Qd7 12. a3 a5 13. exf5 Bxf5 14. Ne4 Ba7 15. Bd2 Ne7 16. g4 Bxe4 17. dxe4 exf4 18. Nxf4 Bd4 19. Bc3 Bxc3 20. bxc3 Rad8 21. c5 Qc8 22. Qb3+ Kh8 23. Ne6 Rxf1 24. Nxd8 Rf6 25. Nf7+ Kg8 26. Nxd6+ Qe6 27. Qxe6+ Rxe6 28. Nxb7 Nf6 29. Nxa5 Nxe4 30. Re1 Nxc5 31. Rxe6 Nxe6 32. Nc6 Nxc6 33. Bxc6 Kf8 34. Kg3 Ke7 35. Bd5 Nc5 36. Kf4 Kf6 37. Bg8 Na4 38. c4 c6 39. h4 Nc5 40. Bh7 g6 41. h5 g5+ 42. Ke3 Ke5 43. Bc2 Nb7 44. a4 c5 45. Be4 Na5 46. Bd5 Nb3 47. Bg8 Na5 48. Bd5 Nb3 49. Bf7 Na5 50. Bd5 Nb3 1/2-1/2

[Event "XVII Orsha-2019 Open"]
[Site "Orsha"]
[Date "2019.01.24"]
[Round "9.29"]
[White "Zeliantsova, Kseniya"]
[Black "Kuleba, Ivan"]
[Result "1-0"]
[ECO "B03"]
[WhiteElo "1858"]
[BlackElo "1617"]
[PlyCount "51"]
[EventDate "2019.01.18"]
[EventType "swiss"]
[EventCountry "BLR"]
[TimeControl "5400+30"]

1. e4 Nf6 2. e5 Nd5 3. d4 d6 4. c4 Nb6 5. exd6 exd6 6. Nc3 Be7 7. Nf3 Bg4 8. h3 Bh5 9. Be2 Nc6 10. b3 O-O 11. O-O Bf6 12. Be3 Qd7 13. Ne4 Qf5 14. Ng3 Qa5 15. Bd2 Qa3 16. Nxh5 Bxd4 17. Nxd4 Nxd4 18. Bc3 Ne6 19. Bg4 f5 20. Bf3 c6 21. Re1 Rae8 22. Qd2 Nc8 23. Bb4 Qa6 24. Bxd6 Rf7 25. c5 b5 26. Re5 1-0

[Event "XVII Orsha-2019 Open"]
[Site "Orsha"]
[Date "2019.01.24"]
[Round "9.30"]
[White "Kolosovskaya, Olga"]
[Black "Nikolaev, Dmitry"]
[Result "1-0"]
[ECO "E90"]
[WhiteElo "1855"]
[BlackElo "1634"]
[PlyCount "85"]
[EventDate "2019.01.18"]
[EventType "swiss"]
[EventCountry "BLR"]
[TimeControl "5400+30"]

1. d4 Nf6 2. c4 g6 3. Nc3 Bg7 4. e4 d6 5. Nf3 O-O 6. h3 c5 7. d5 h6 8. Bd3 Nbd7 9. O-O Nh7 10. Qc2 Ne5 11. Nxe5 Bxe5 12. Bxh6 Re8 13. Be3 Kg7 14. f4 Bf6 15. Rae1 e5 16. f5 Rh8 17. Rf3 Bh4 18. Ref1 Ng5 19. Bxg5 Qxg5 20. fxg6 Qxg6 21. g4 Bd7 22. Qg2 a6 23. Ne2 b5 24. Ng3 Bxg3 25. Rxg3 Rh4 26. b3 Rah8 27. Rf2 b4 28. Bf1 Kf8 29. Qf3 Ke7 30. Bg2 R8h7 31. Qe2 a5 32. Qf1 Qg5 33. Rgf3 Qg6 34. Rf6 Qg8 35. Qd3 Bxg4 36. hxg4 Qxg4 37. R2f5 Rh1+ 38. Kf2 Qxg2+ 39. Kxg2 R7h2+ 40. Kf3 Rh3+ 41. Ke2 R1h2+ 42. Rf2 Rxf2+ 43. Rxf2 1-0

[Event "XVII Orsha-2019 Open"]
[Site "Orsha"]
[Date "2019.01.24"]
[Round "9.31"]
[White "Shaban, Aliaksandra"]
[Black "Katkov, Mikhail"]
[Result "0-1"]
[ECO "D40"]
[WhiteElo "1482"]
[BlackElo "1916"]
[PlyCount "78"]
[EventDate "2019.01.18"]
[EventType "swiss"]
[EventCountry "BLR"]
[TimeControl "5400+30"]

1. d4 Nf6 2. c4 e6 3. e3 c5 4. Nf3 d5 5. Nc3 a6 6. dxc5 Bxc5 7. a3 dxc4 8. Qxd8+ Kxd8 9. Ne5 Ke7 10. Bxc4 b5 11. Be2 Bb7 12. Bf3 Ra7 13. Bxb7 Rxb7 14. O-O Rd8 15. b4 Bd6 16. Nf3 Nc6 17. Bb2 Ne5 18. Nd5+ Nxd5 19. Nxe5 Bxe5 20. Bxe5 f6 21. Bd4 e5 22. Bc5+ Ke6 23. Rfd1 Rbd7 24. Rac1 Nc3 25. Rxd7 Rxd7 26. Kf1 Rd1+ 27. Rxd1 Nxd1 28. Ke2 Nb2 29. Bf8 g6 30. Bc5 Kd5 31. f3 f5 32. g4 fxg4 33. e4+ Kc4 34. fxg4 Kb3 35. Kd2 Nc4+ 36. Kd3 Nxa3 37. Bd6 Nc4 38. Bc5 Nb2+ 39. Kd2 Kc4 0-1